 Dungeon Crawl Stone Soup version 0.26-b1-32-g5d43845318 (webtiles) character file.

Game seed: 5149036219958287160

44 Borgoz the Ducker (level 3, -2/30 HPs)
             Began as a Ghoul Gladiator on Jan 13, 2021.
             Slain by Natasha (8 damage)
             ... on level 2 of the Dungeon.
             The game lasted 00:00:51 (1466 turns).

Borgoz the Ducker (Ghoul Gladiator)                 Turns: 1466, Time: 00:00:52

Health: -2/30      AC:  4    Str: 17    XL:     3   Next: 62%
Magic:  2/2        EV: 12    Int:  3    God:
Gold:   53         SH:  0    Dex: 11    Spells: 2/2 levels left

rFire    . . .     SeeInvis .   a - +0 flail
rCold    + . .     Faith    .   (no shield)
rNeg     + + +     Spirit   .   b - +0 leather armour
rPois    ∞         Reflect  .   c - +0 helmet
rElec    .         Harm     .   (no cloak)
rCorr    .         Rampage  .   (no gloves)
Will     .....                  (no boots)
Stlth    +.........             (no amulet)
HPRegen  0.00/turn              (no ring)
MPRegen  0.08/turn              (no ring)

@: attractive
A: claws 1, cold resistance 1, negative energy resistance 3, inhibited
regeneration, torment resistance, unbreathing
a: no special abilities


You were on level 2 of the Dungeon.
You visited 1 branch of the dungeon, and saw 2 of its levels.

You collected 53 gold pieces.

Inventory:

Hand Weapons
 a - a +0 flail (weapon)
Missiles
 d - 3 throwing nets (quivered)
Armour
 b - a +0 leather armour (worn)
 c - a +0 helmet (worn)
Scrolls
 g - a scroll of fear {unknown}
 h - a scroll of magic mapping {unknown}
 l - 4 scrolls of identify {unknown}
Potions
 e - a potion of attraction
 f - a potion of lignification {unknown}
 i - a potion of curing {unknown}
 j - a potion of heal wounds {unknown}
 k - a potion of haste {unknown}


   Skills:
 + Level 2.8 Fighting
 + Level 3.1 Maces & Flails
 - Level 1.7 Throwing
 + Level 1.2 Armour
 + Level 3.1 Dodging


You had 2 spell levels left.
You didn't know any spells.
Your spell library was empty.

Dungeon Overview and Level Annotations

Branches:
Dungeon (2/15)

Altars:

Annotations:
D:2 Natasha


Innate Abilities, Weirdness & Mutations

You thrive by killing the living.
You are immune to poison.
You have sharp fingernails.
Your flesh is cold resistant. (rC+)
You are immune to negative energy. (rN+++)
You do not regenerate when monsters are visible.
You are immune to unholy pain and torment.
You can survive without breathing.


Message History

You are too injured to fight recklessly!
You hit Natasha but do no damage.
Natasha is severely wounded.
The bat hits you but does no damage. The bat barely misses you.
The kobold hits you but does no damage.
The crimson imp blinks!
Natasha completely misses you.
You completely miss Natasha.
Natasha is severely wounded.
The crimson imp disappears in a puff of smoke!
The bat barely misses you. The bat hits you but does no damage.
The shadow imp hits you.
* * * LOW HITPOINT WARNING * * *
The kobold closely misses you. Natasha claws you.
* * * LOW HITPOINT WARNING * * *
The shadow imp barely misses you. The bat completely misses you.
It was a potion of attraction.
You feel attractive to monsters.
The crimson imp disappears in a puff of smoke!
The bat closely misses you. The kobold closely misses you. Natasha claws you!
You die...

#######...... ###
#............ ....
#............ .....
#...<#.#...#.....
.....#########.#.###.....
.............#.#.###.....
.§.....b..!..............
.......K.5.....#.########
......#h@##...##.##.....#
.... #...#8...8#.##.....#
... ##...#...## #......#
.. #..#....# #......# .
#..##...# #......#
#..#8...8 ##...... #..#
.. #...... #.## ..
####... ## ####


You could see Natasha, a shadow imp (summoned), a bat and a kobold.

Vanquished Creatures
  2 adders (D:2)
  2 dart slugs (D:1)
  A giant cockroach (D:1)
  2 goblins (D:1)
  4 hobgoblins
  A ball python (D:2)
  4 bats
  A frilled lizard (D:1)
  5 kobolds
  2 rats (D:1)
24 creatures vanquished.

Notes
Turn   | Place    | Note
-------+----------+-------------------------------------------
     0 | D:1      | Borgoz the Ghoul Gladiator began the quest for the Orb.
     0 | D:1      | Reached XP level 1. HP: 17/17 MP: 0/0
   366 | D:1      | Reached XP level 2. HP: 25/25 MP: 1/1
  1140 | D:2      | Reached skill level 1 in Armour
  1140 | D:2      | Reached XP level 3. HP: 21/30 MP: 2/2
  1450 | D:2      | Noticed Natasha
  1466 | D:2      | Slain by Natasha

Illustrated notes

Levels and vault maps discovered:
D:1:      heliophobic_arrival_glass_houses, layout_basic, moated_statue
D:2:      layout_basic, serial_corexii_hall, chequers_hall_statues_y,
          corexii_hall_statues_deadend, chequers_hall_statues_wall_a,
          chequers_hall_statues_wall_a, uniq_crazy_yiuf_cottage, uniq_natasha

Skill      XL: |  1  2 |
---------------+-------+-----
Dodging        | 3 |  3.1
Maces & Flails | 3 |  3.1
Armour         | 1 |  1.2
Fighting       | |  2.8
Throwing       | |  1.7

Action                   || total
-------------------------++-------
Melee: Flail             ||    90
  Use: Potion            ||     1
 Stab: Sleeping          ||     1
Armor: Leather armour    ||    48
Dodge: Dodged            ||   109
